TOP OF THE 1ST |
Peoria Chiefs batting - Pitching for Augusta GreenJackets : RHP Dan Post
|
Pitching: RHP Dan Post
|
|
Batting: LHB Ichiro Toyota
|
0-0: Ball 1-0: Called Strike 1-1: Fly out, F8 (Flyball, 8RD, EV 89.4 MPH)
|
Batting: LHB Ken Compton
|
0-0: Foul Ball, location: 2F 0-1: SINGLE (Groundball, 3D, EV 96.2 MPH)
|
Batting: RHB Terry Baginski
|
0-0: Called Strike Ken Compton steals 2nd base 0-1: Called Strike Ken Compton steals 3rd base 0-2: Ball 1-2: Ball 2-2: Strikes out swinging
|
Batting: RHB Mark Cahill
|
0-0: Ball 1-0: Ball 2-0: Called Strike 2-1: Called Strike 2-2: SINGLE (Line Drive, 7S, EV 96.2 MPH) Ken Compton scores
|
Batting: SHB Josh Conner
|
0-0: Ball Mark Cahill steals 2nd base 1-0: Swinging Strike 1-1: SINGLE (Groundball, 6S, EV 75.6 MPH) (infield hit) Mark Cahill to third
|
Batting: LHB Jay Fenderson
|
0-0: Ball Josh Conner steals 2nd base 1-0: Swinging Strike 1-1: Foul Ball, location: 2F 1-2: Ground out U3 (Groundball, 34S, EV 84.4 MPH)
|
Top of the 1st over - 1 run, 3 hits, 0 errors, 2 left on base; Peoria 1 - Augusta 0 |
BOTTOM OF THE 1ST |
Augusta GreenJackets batting - Pitching for Peoria Chiefs : RHP Daniel Escalante
|
Pitching: RHP Daniel Escalante
|
|
Batting: RHB Mike Buchanan
|
0-0: Swinging Strike 0-1: Foul Ball, location: 2F 0-2: Ball 1-2: Foul Ball, location: 2F 1-2: Ball 2-2: Foul Ball, location: 2F 2-2: Fly out, F8 (Line Drive, 8RD, EV 101.9 MPH)
|
Batting: LHB James Wheaton
|
0-0: Ball 1-0: Ball 2-0: Called Strike 2-1: Called Strike 2-2: Foul Ball, location: 2F 2-2: Strikes out swinging, 2-3 out at first.
|
Batting: LHB Kevin Kantor
|
0-0: Ball 1-0: Called Strike 1-1: Ball 2-1: Ground out 6-3 (Groundball, 6M, EV 105.0 MPH)
|
Bottom of the 1st over - 0 runs, 0 hits, 0 errors, 0 left on base; Peoria 1 - Augusta 0 |
TOP OF THE 2ND |
Peoria Chiefs batting - Pitching for Augusta GreenJackets : RHP Dan Post
|
Batting: RHB Josh Martin
|
0-0: Ball 1-0: Ball 2-0: Called Strike 2-1: Fly out, F6 (Popup, 15S, EV 85.0 MPH)
|
Batting: LHB Billy Guzman
|
0-0: Ball 1-0: Ball 2-0: Ball 3-0: Called Strike 3-1: Base on Balls
|
Batting: LHB Adam Eisen
|
0-0: Ball Billy Guzman steals 2nd base 1-0: Ball 2-0: Ball 3-0: Swinging Strike 3-1: Base on Balls
|
Batting: LHB Ichiro Toyota
|
0-0: Ball 1-0: Ball 2-0: Called Strike 2-1: Ball 3-1: TRIPLE (Line Drive, 9LD, EV 105.6 MPH) Billy Guzman scores Adam Eisen scores
|
Batting: LHB Ken Compton
|
0-0: Foul Ball, location: 2F 0-1: SINGLE (Groundball, 34S, EV 70.0 MPH) (infield hit) Ichiro Toyota scores
|
Batting: RHB Terry Baginski
|
0-0: Ball Ken Compton steals 2nd base 1-0: Called Strike 1-1: Ball 2-1: Ball 3-1: Foul Ball, location: 2F 3-2: Strikes out swinging
|
Batting: RHB Mark Cahill
|
0-0: Ball 1-0: Called Strike 1-1: Ball 2-1: Ball 3-1: Swinging Strike 3-2: Base on Balls
|
Batting: SHB Josh Conner
|
0-0: Ground out 4-3 (Groundball, 4, EV 102.5 MPH)
|
Top of the 2nd over - 3 runs, 2 hits, 0 errors, 2 left on base; Peoria 4 - Augusta 0 |
BOTTOM OF THE 2ND |
Augusta GreenJackets batting - Pitching for Peoria Chiefs : RHP Daniel Escalante
|
Batting: LHB Gabe Velez
|
0-0: Called Strike 0-1: Swinging Strike 0-2: Ball 1-2: Foul Ball, location: 2F 1-2: Strikes out looking
|
Batting: RHB Chris King
|
0-0: Foul Ball, location: 2F 0-1: Called Strike 0-2: Ball 1-2: Ball 2-2: Strikes out swinging
|
Batting: RHB Justin Baldwin
|
0-0: Ball 1-0: DOUBLE (Line Drive, 89D, EV 105.0 MPH)
|
Batting: RHB Davey Beeson
|
0-0: Foul Ball, location: 2F 0-1: Ground out 5-3 (Groundball, 56S, EV 66.9 MPH)
|
Bottom of the 2nd over - 0 runs, 1 hit, 0 errors, 1 left on base; Peoria 4 - Augusta 0 |
TOP OF THE 3RD |
Peoria Chiefs batting - Pitching for Augusta GreenJackets : RHP Dan Post
|
Batting: LHB Jay Fenderson
|
0-0: SINGLE (Groundball, P, EV 77.5 MPH) (infield hit)
|
Batting: RHB Josh Martin
|
0-0: Ball Jay Fenderson steals 2nd base (no throw) 1-0: Called Strike 1-1: Fly out, F6 (Popup, 4MS, EV 66.9 MPH)
|
Batting: LHB Billy Guzman
|
0-0: Ball 1-0: Ball 2-0: Called Strike 2-1: Ball 3-1: Ground out 4-3 (Groundball, 4M, EV 83.1 MPH) Jay Fenderson to third
|
Batting: LHB Adam Eisen
|
0-0: Ball 1-0: Ball 2-0: Ground out U3 (Groundball, 3S, EV 82.5 MPH)
|
Top of the 3rd over - 0 runs, 1 hit, 0 errors, 1 left on base; Peoria 4 - Augusta 0 |
BOTTOM OF THE 3RD |
Augusta GreenJackets batting - Pitching for Peoria Chiefs : RHP Daniel Escalante
|
Batting: LHB Pong-keun Koh
|
0-0: Ball 1-0: SINGLE (Flyball, 89S, EV 92.5 MPH)
|
Batting: RHB Devin Lowery
|
0-0: Ball Pong-keun Koh steals 2nd base 1-0: Fly out, F9 (Flyball, 9LM, EV 82.5 MPH)
|
Batting: RHB Mike Buchanan
|
0-0: Called Strike 0-1: Ball 1-1: Swinging Strike 1-2: Ball 2-2: Ball 3-2: Strikes out swinging
|
Batting: LHB James Wheaton
|
0-0: Fly out, F8 (Flyball, 8LM, EV 93.8 MPH)
|
Bottom of the 3rd over - 0 runs, 1 hit, 0 errors, 1 left on base; Peoria 4 - Augusta 0 |
TOP OF THE 4TH |
Peoria Chiefs batting - Pitching for Augusta GreenJackets : RHP Dan Post
|
Batting: LHB Ichiro Toyota
|
0-0: DOUBLE (Flyball, 8LXD, EV 104.4 MPH)
|
Batting: LHB Ken Compton
|
0-0: Swinging Strike 0-1: Ball 1-1: Ball 2-1: Ground out U3 (Groundball, 34, EV 101.9 MPH) Ichiro Toyota to third
|
Batting: RHB Terry Baginski
|
0-0: Ball 1-0: Ball 2-0: Called Strike 2-1: Called Strike 2-2: Ball 3-2: SINGLE (Groundball, 56D, EV 103.8 MPH) Ichiro Toyota scores
|
Batting: RHB Mark Cahill
|
0-0: Called Strike 0-1: Ball Terry Baginski steals 2nd base (no throw) 1-1: Fly out, F8 (Flyball, 8LD, EV 102.5 MPH)
|
Batting: SHB Josh Conner
|
0-0: Called Strike 0-1: Called Strike 0-2: SINGLE (Groundball, 6MD, EV 106.9 MPH) Terry Baginski to third Runner from 3rd tries for Home, SAFE, throw by CF to home Josh Conner to second
|
Pitching: RHP Ron Riley
|
|
Batting: LHB Jay Fenderson
|
0-0: Called Strike 0-1: DOUBLE (Line Drive, 7LM, EV 105.6 MPH) Josh Conner scores
|
Batting: RHB Josh Martin
|
0-0: Called Strike 0-1: Swinging Strike 0-2: Strikes out looking
|
Top of the 4th over - 3 runs, 4 hits, 0 errors, 1 left on base; Peoria 7 - Augusta 0 |
BOTTOM OF THE 4TH |
Augusta GreenJackets batting - Pitching for Peoria Chiefs : RHP Daniel Escalante
|
Batting: LHB Kevin Kantor
|
0-0: SINGLE (Line Drive, 5D, EV 95.6 MPH)
|
Batting: LHB Gabe Velez
|
0-0: Called Strike 0-1: Foul Ball, location: 2F 0-2: Fly out, F8 (Flyball, 8RD, EV 100.6 MPH)
|
Batting: RHB Chris King
|
0-0: Called Strike Kevin Kantor steals 2nd base 0-1: Ball Kevin Kantor steals 3rd base 1-1: Ball 2-1: Called Strike 2-2: Ball 3-2: SINGLE (Line Drive, 9S, EV 108.1 MPH) Kevin Kantor scores
|
Batting: RHB Justin Baldwin
|
0-0: Ground out 5-3 (Groundball, 56, EV 103.8 MPH) Chris King to second
|
Batting: RHB Davey Beeson
|
0-0: Ball 1-0: DOUBLE (Flyball, 78XD, EV 110.6 MPH) Chris King scores
|
Batting: LHB Pong-keun Koh
|
0-0: Called Strike 0-1: Ball 1-1: Called Strike 1-2: Ball 2-2: Strikes out swinging
|
Bottom of the 4th over - 2 runs, 3 hits, 0 errors, 1 left on base; Peoria 7 - Augusta 2 |
TOP OF THE 5TH |
Peoria Chiefs batting - Pitching for Augusta GreenJackets : RHP Ron Riley
|
Batting: LHB Billy Guzman
|
0-0: Called Strike 0-1: Ball 1-1: Swinging Strike 1-2: Foul Ball, location: 2F 1-2: Strikes out looking
|
Batting: LHB Adam Eisen
|
0-0: Hit by Pitch
|
Batting: LHB Ichiro Toyota
|
0-0: Ball Adam Eisen steals 2nd base 1-0: Ball 2-0: Ground out 6-3 (Groundball, 6M, EV 83.1 MPH) Adam Eisen to third
|
Batting: LHB Ken Compton
|
0-0: Called Strike 0-1: Foul Ball, location: 2F 0-2: SINGLE (Groundball, 3S, EV 66.9 MPH) (infield hit) Adam Eisen scores
|
Batting: RHB Terry Baginski
|
0-0: Called Strike Ken Compton steals 2nd base (no throw) 0-1: Ball 1-1: Foul Ball, location: 2F 1-2: SINGLE (Groundball, 6MD, EV 97.5 MPH) Ken Compton to third Runner from 3rd tries for Home, SAFE, throw by CF to home
|
Batting: RHB Mark Cahill
|
0-0: Ball 1-0: Ball 2-0: Ball 3-0: Called Strike 3-1: Foul Ball, location: 2F 3-2: Strikes out swinging
|
Top of the 5th over - 2 runs, 2 hits, 0 errors, 1 left on base; Peoria 9 - Augusta 2 |
BOTTOM OF THE 5TH |
Augusta GreenJackets batting - Pitching for Peoria Chiefs : RHP Daniel Escalante
|
Batting: RHB Devin Lowery
|
0-0: Ball 1-0: Ground out 3-1 (Groundball, 34S, EV 89.4 MPH)
|
Batting: RHB Mike Buchanan
|
0-0: Ball 1-0: Ball 2-0: Ball 3-0: Base on Balls
|
Batting: LHB James Wheaton
|
0-0: Ball Mike Buchanan steals 2nd base 1-0: Fly out, F8 (Flyball, 8RXD, EV 106.9 MPH) Runner from 2nd tags up, SAFE at 3rd, no throw by CF
|
Batting: LHB Kevin Kantor
|
0-0: Ball 1-0: Ground out U3 (Groundball, 34, EV 109.4 MPH)
|
Bottom of the 5th over - 0 runs, 0 hits, 0 errors, 1 left on base; Peoria 9 - Augusta 2 |
TOP OF THE 6TH |
Peoria Chiefs batting - Pitching for Augusta GreenJackets : RHP Ron Riley
|
Batting: SHB Josh Conner
|
0-0: Fly out, F6 (Popup, 6, EV 58.1 MPH)
|
Batting: LHB Jay Fenderson
|
0-0: Fly out, F5 (Line Drive, 5, EV 75.0 MPH)
|
Batting: RHB Josh Martin
|
0-0: Called Strike 0-1: Ball 1-1: Ball 2-1: Called Strike 2-2: Strikes out looking
|
Top of the 6th over - 0 runs, 0 hits, 0 errors, 0 left on base; Peoria 9 - Augusta 2 |
BOTTOM OF THE 6TH |
Augusta GreenJackets batting - Pitching for Peoria Chiefs : RHP Daniel Escalante
|
Batting: LHB Gabe Velez
|
0-0: Foul Ball, location: 2F 0-1: Ball 1-1: Foul Ball, location: 2F 1-2: Strikes out swinging
|
Batting: RHB Chris King
|
0-0: Ball 1-0: Called Strike 1-1: Swinging Strike 1-2: Ball 2-2: Strikes out swinging
|
Batting: RHB Justin Baldwin
|
0-0: Called Strike 0-1: Ball 1-1: Called Strike 1-2: SINGLE (Line Drive, 56D, EV 105.0 MPH)
|
Batting: RHB Davey Beeson
|
0-0: Ball 1-0: Ground out 6-3 (Groundball, 4MD, EV 105.0 MPH)
|
Bottom of the 6th over - 0 runs, 1 hit, 0 errors, 1 left on base; Peoria 9 - Augusta 2 |
TOP OF THE 7TH |
Peoria Chiefs batting - Pitching for Augusta GreenJackets : RHP Ron Riley
|
Batting: LHB Billy Guzman
|
0-0: Foul Ball, location: 2F 0-1: Ball 1-1: Foul Ball, location: 2F 1-2: Foul Ball, location: 2F 1-2: Strikes out swinging
|
Pitching: LHP Kyle Worford
|
|
Batting: LHB Adam Eisen
|
0-0: Ball 1-0: Foul Ball, location: 2F 1-1: Ball 2-1: SINGLE (Groundball, 56D, EV 96.2 MPH)
|
Batting: LHB Ichiro Toyota
|
0-0: Called Strike 0-1: Ball 1-1: Called Strike 1-2: Ball 2-2: Fly out, F7 (Flyball, 78XD, EV 102.5 MPH)
|
Batting: LHB Ken Compton
|
0-0: Ball Adam Eisen steals 2nd base 1-0: Foul Ball, location: 2F 1-1: Foul Ball, location: 2F 1-2: Ball 2-2: Ball 3-2: Ground out 5-3 (Groundball, 56, EV 82.5 MPH)
|
Top of the 7th over - 0 runs, 1 hit, 0 errors, 1 left on base; Peoria 9 - Augusta 2 |
BOTTOM OF THE 7TH |
Augusta GreenJackets batting - Pitching for Peoria Chiefs : RHP Daniel Escalante
|
Pitching: RHP Justin Adamson
|
|
Batting: LHB Pong-keun Koh
|
0-0: Called Strike 0-1: Ground out 4-3 (Groundball, 4, EV 103.1 MPH)
|
Pinch Hitting: RHB Omar Jordan
|
0-0: Swinging Strike 0-1: Ball 1-1: Foul Ball, location: 2F 1-2: Foul Ball, location: 2F 1-2: Foul Ball, location: 2F 1-2: Ground out 3-1 (Groundball, 34, EV 85.0 MPH)
|
Batting: RHB Mike Buchanan
|
0-0: Fly out, F7 (Flyball, 7S, EV 89.4 MPH)
|
Bottom of the 7th over - 0 runs, 0 hits, 0 errors, 0 left on base; Peoria 9 - Augusta 2 |
TOP OF THE 8TH |
Peoria Chiefs batting - Pitching for Augusta GreenJackets : LHP Kyle Worford
|
Now at 2B: Omar Jordan
|
|
Batting: RHB Terry Baginski
|
0-0: Ball 1-0: Called Strike 1-1: Called Strike 1-2: Ball 2-2: Ball 3-2: Ground out 5-3 (Groundball, 56S, EV 83.8 MPH)
|
Batting: RHB Mark Cahill
|
0-0: Ball 1-0: Foul Ball, location: 2F 1-1: Foul Ball, location: 2F 1-2: Strikes out swinging
|
Batting: SHB Josh Conner
|
0-0: Ball 1-0: Ball 2-0: Fly out, F9 (Line Drive, 9, EV 87.5 MPH)
|
Top of the 8th over - 0 runs, 0 hits, 0 errors, 0 left on base; Peoria 9 - Augusta 2 |
BOTTOM OF THE 8TH |
Augusta GreenJackets batting - Pitching for Peoria Chiefs : RHP Justin Adamson
|
Pinch Hitting: LHB John Whitman
|
0-0: Ball 1-0: Called Strike 1-1: Ground out U3 (Groundball, 3, EV 96.2 MPH)
|
Batting: LHB Kevin Kantor
|
0-0: Ball 1-0: Fly out, F8 (Flyball, 8RD, EV 97.5 MPH)
|
Batting: LHB Gabe Velez
|
0-0: Called Strike 0-1: Ball 1-1: Ball 2-1: Called Strike 2-2: Ball 3-2: Foul Ball, location: 2F 3-2: DOUBLE (Line Drive, 7LS, EV 95.6 MPH)
|
Batting: RHB Chris King
|
0-0: Called Strike 0-1: Ball 1-1: Ball 2-1: Ground out 6-3 (Groundball, 6MD, EV 91.9 MPH)
|
Bottom of the 8th over - 0 runs, 1 hit, 0 errors, 1 left on base; Peoria 9 - Augusta 2 |
TOP OF THE 9TH |
Peoria Chiefs batting - Pitching for Augusta GreenJackets : LHP Kyle Worford
|
Pitching: RHP Nate Heideman
|
|
Now at 1B: Chris King
|
|
Now in LF: Ian Richardson
|
|
Batting: LHB Jay Fenderson
|
0-0: Foul Ball, location: 2F 0-1: Ball 1-1: Ground out 4-3 (Groundball, 4, EV 103.1 MPH)
|
Batting: RHB Josh Martin
|
0-0: Called Strike 0-1: Foul Ball, location: 2F 0-2: Strikes out looking
|
Batting: LHB Billy Guzman
|
0-0: Swinging Strike 0-1: Foul Ball, location: 2F 0-2: Ball 1-2: Reached on error, E5 (Groundball, 5L, EV 76.2 MPH)
|
Batting: LHB Adam Eisen
|
0-0: Ball 1-0: Swinging Strike 1-1: Foul Ball, location: 2F 1-2: Ball 2-2: Strikes out swinging
|
Top of the 9th over - 0 runs, 0 hits, 1 error, 1 left on base; Peoria 9 - Augusta 2 |
BOTTOM OF THE 9TH |
Augusta GreenJackets batting - Pitching for Peoria Chiefs : RHP Justin Adamson
|
Batting: RHB Justin Baldwin
|
0-0: SINGLE (Groundball, 4MD, EV 105.0 MPH)
|
Batting: RHB Davey Beeson
|
0-0: Called Strike 0-1: Grounds into double play, 2-6-3 (Groundball, 2R, EV 70.6 MPH)
|
Batting: LHB Pong-keun Koh
|
0-0: Ball 1-0: Swinging Strike 1-1: Ball 2-1: Ball 3-1: Swinging Strike 3-2: Strikes out swinging
|
Bottom of the 9th over - 0 runs, 1 hit, 0 errors, 0 left on base; Peoria 9 - Augusta 2 |
|